 Dungeon Crawl Stone Soup version 0.27-a0-1416-g941b2bd30b (webtiles) character file.

Game seed: 15537626809493643929

68 pokeman the Magician (level 4, -5/25 HPs)
             Began as a Deep Elf Hedge Wizard on July 1, 2021.
             Killed by miscasting Mephitic Cloud (9 damage)
             ... in a sewer on July 2, 2021.
             The game lasted 00:07:21 (2565 turns).

pokeman the Magician (Deep Elf Hedge Wizard)        Turns: 2565, Time: 00:07:23

Health: -5/25      AC:  3    Str:  7    XL:     4   Next: 1%
Magic:  0/13       EV: 12    Int: 20    God:
Gold:   63         SH:  5    Dex: 14    Spells: 3/14 levels left

rFire    . . .     SeeInvis .   a - +0 dagger
rCold    . . .     Faith    .   (no shield)
rNeg     . . .     Spirit   .   d - +0 leather armour
rPois    .         Reflect  +   c - +0 hat
rElec    .         Harm     .   (no cloak)
rCorr    .         Rampage  .   (no gloves)
Will     .....                  (no boots)
Stlth    ++........             j - amulet of reflection
HPRegen  0.08/turn              (no ring)
MPRegen  0.13/turn              (no ring)

@: very slightly contaminated
A: no striking features
a: no special abilities


You were in a sewer.
You visited 1 branch of the dungeon, and saw 3 of its levels.
You also visited: Sewer.

You collected 63 gold pieces.

Inventory:

Hand Weapons
 a - a +0 dagger (weapon)
Missiles
 g - 26 arrows
 m - 24 bolts
Armour
 c - a +0 hat (worn)
 d - a +0 leather armour (worn)
 n - a +0 buckler
Jewellery
 j - an amulet of reflection (around neck)
 o - a +6 ring of intelligence
Scrolls
 e - 2 scrolls of teleportation {unknown}
 f - 4 scrolls of identify {unknown}
 i - a scroll of enchant weapon {unknown}
 k - a scroll of fog {unknown}
Potions
 b - 2 potions of cancellation {unknown}
 h - a potion of degeneration {unknown}
 l - 2 potions of curing {unknown}
 p - a potion of invisibility {unknown}


   Skills:
 - Level 1.0 Fighting
 - Level 1.0 Armour
 + Level 2.6 Dodging
 - Level 2.4 Stealth
 * Level 5.5 Spellcasting
 + Level 2.0 Conjurations
 - Level 1.1 Summonings
 - Level 1.1 Translocations
 + Level 0.1 Fire Magic


You had 3 spell levels left.
You knew the following spells:

 Your Spells              Type           Power      Damage    Failure   Level
a - Magic Dart            Conj           52%        1d5       7%          1
b - Mephitic Cloud        Conj/Pois/Air  8%         N/A       36%         3
c - Call Imp              Summ           9%         N/A       16%         2
d - Blink                 Tloc           N/A        N/A       16%         2
e - Conjure Flame         Conj/Fire      10%        6-21      30%         3

Your spell library contained the following spells:

 Spells                   Type           Power      Damage    Failure   Level
 Slow                     Hex            5%         N/A       24%         2
 Lesser Beckoning         Tloc           4%         N/A       30%         3
 Manifold Assault         Tloc           9%         N/A       96%         5


Dungeon Overview and Level Annotations

Branches:
Dungeon (3/15)              Sewer (1/1)

Altars:
Qazlal
Yredelemnul

Annotations:
D:3 Natasha Sewer Purgy


Message History

* * * LOW HITPOINT WARNING * * *
Unknown command.
Casting: Blink (safe; 16% risk of failure)
Confirm with . or Enter, or press ? or * to list all spells.
You blink.
Splash!
You fall into the shallow water.
Moving in this stuff is going to be slow.
A kobold comes into view. It is wielding a +0 dagger.
The kobold throws a stone.
You reflect the stone off an invisible shield around you!
The stone barely misses the kobold.
Found a black potion.
Unknown command.
Your crimson imp completely misses Purgy.
The kobold throws a stone.
The stone hits you but does no damage.
Your crimson imp blinks!
The kobold throws a stone.
The stone misses you.
Casting: Blink (safe; 16% risk of failure)
Confirm with . or Enter, or press ? or * to list all spells.
You blink.
The kobold misses you.
You swap places.
The kobold barely misses your crimson imp.
Your magical contamination has completely faded away.
Your crimson imp disappears in a puff of smoke!
The kobold throws a stone.
The stone hits you.
* * * LOW HITPOINT WARNING * * *
Purgy hisses menacingly.
The kobold throws a stone.
The stone closely misses you.
Purgy hisses menacingly.
Casting: Blink (safe; 16% risk of failure)
Confirm with . or Enter, or press ? or * to list all spells.
The spell is extremely dangerous to cast (36% risk of failure)!
Continue anyway?
Aiming: Mephitic Cloud (extremely dangerous; 36% risk of failure)
Press: ? - help, Shift-Dir - straight line, f/p - Purgy
Aim: Purgy (chance to affect: 77%)
You miscast Mephitic Cloud.
You are very lightly contaminated with residual magic.
Electricity courses through your body!
You die...

##### #∩##!# #.##.#
#+##+##.##'##+##+#
.................#######
≈≈≈≈≈≈≈.≈≈≈≈≈≈≈≈≈#≈≈≈≈≈≈
≈≈≈≈≈≈≈∩≈≈≈≈≈≈≈≈≈#≈≈≈≈≈≈
≈≈≈≈≈≈≈.≈≈≈≈≈≈≈≈≈#≈≈≈≈≈≈
.............KT.@###
#+##+##'##'##'##'#
#.##.##.##.#
#.##.##.##!#
############


You could see Purgy and a kobold.

Vanquished Creatures
  2 adders (D:2)
  A worm (D:3)
  A ball python (D:1)
  6 endoplasms
  2 giant cockroaches (D:2)
  2 goblins (D:1)
  2 hobgoblins (D:1)
  3 jackals
  A quokka (D:2)
  2 bats
  3 frilled lizards
  3 kobolds
  6 rats
34 creatures vanquished.

Vanquished Creatures (collateral kills)
  An adder (D:2)
  A dart slug (D:3)
  2 orcs (D:3)
  An endoplasm (D:3)
  2 jackals (D:2)
  A frilled lizard (D:2)
8 creatures vanquished.

Grand Total: 42 creatures vanquished

Notes
Turn   | Place    | Note
-------+----------+-------------------------------------------
     0 | D:1      | pokeman the Deep Elf Hedge Wizard began the quest for the
                  | Orb.
     0 | D:1      | Reached XP level 1. HP: 10/10 MP: 7/7
   277 | D:1      | Found a faded altar of an unknown god.
   303 | D:1      | Reached XP level 2. HP: 15/15 MP: 1/9
  1170 | D:2      | Reached skill level 5 in Spellcasting
  1248 | D:2      | Reached XP level 3. HP: 20/20 MP: 9/11
  1252 | D:2      | Learned a level 3 spell: Mephitic Cloud
  1255 | D:2      | Learned a level 2 spell: Call Imp
  1258 | D:2      | Learned a level 2 spell: Blink
  1262 | D:2      | Learned a level 3 spell: Conjure Flame
  1617 | D:2      | Reached skill level 1 in Armour
  1657 | D:2      | Reached skill level 1 in Fighting
  1925 | D:3      | Found a stormy altar of Qazlal.
  2086 | D:3      | Found a basalt altar of Yredelemnul.
  2176 | D:3      | Noticed Natasha
  2297 | D:3      | Found a glowing drain.
  2313 | D:3      | Reached XP level 4. HP: 10/25 MP: 3/13
  2318 | Sewer    | Entered a sewer
  2522 | Sewer    | Noticed Purgy
  2565 | Sewer    | Killed by miscasting Mephitic Cloud

Illustrated notes

Levels and vault maps discovered:
D:1:      dpeg_arrival_rooms_with_view, layout_loops_ring,
          ebering_ecumenical_altar_box
D:2:      layout_rooms, solitary_fountain
D:3:      layout_loops_ring, overflow_temple_1_default,
          okawaru_metal_pillars_1_2, yredelemnul_altar_generic, minitemple,
          serial_aquarium, aquarium_bridge_square [aquarium_subvault_wall,
          aquarium_subvault_wall, aquarium_subvault_bridge,
          aquarium_subvault_balcony], aquarium_window_1, aquarium_window_2,
          aquarium_view_2b, aquarium_balcony_3a, cheibrodos_sewer_entry_bend,
          minmay_between, uniq_natasha
Sewer:    kennysheep_door_sewer

Skill      XL: |  1  2  3 |
---------------+----------+-----
Spellcasting   | 5 |  5.5
Armour         | 1 |  1.0
Fighting       | 1 |  1.0
Conjurations   | 2 |  2.0
Dodging        | |  2.6
Stealth        | |  2.4
Summonings     | |  1.1
Translocations | |  1.1
Fire Magic     | |  0.1

Action                   |  1- 3 |  4- 6 || total
-------------------------+-------+-------++-------
Melee: Dagger            |     8 |       ||     8
 Cast: Magic Dart        |    90 |     1 ||    91
       Call Imp          |     9 |     1 ||    10
       Mephitic Cloud    |     2 |     1 ||     3
       Blink             |       |     2 ||     2
 Stab: Confused          |     1 |       ||     1
Armor: Leather armour    |     3 |     3 ||     6
Dodge: Dodged            |    28 |     6 ||    34
Block: Other             |     2 |     1 ||     3
       Reflection        |       |     1 ||     1

Table legend: (Time is in decaauts)
 A = Elapsed time spent in this place.
 B = Non-inter-level travel time spent in this place.
 C = Inter-level travel time spent in this place.
 D = Time resting spent in this place.
 E = Time spent auto-exploring this place.
 F = Levels seen in this place.
 G = Mean time per level.
                   A        B        C        D        E       F      G
               +--------+--------+--------+--------+--------+-----+--------+
         Total |   2572 |   2458 |    114 |    231 |   1622 |   4 |  643.0 |
       Dungeon |   2325 |   2211 |    114 |     62 |   1592 |   3 |  775.0 |
         Sewer |    246 |    246 |      0 |    169 |     30 |   1 |  246.0 |
               +--------+--------+--------+--------+--------+-----+--------+

Top non-repeatable levels by time:
     D:1: 1161 daAuts
     D:2: 794 daAuts
     D:3: 369 daAuts
   Sewer: 246 daAuts
